 Dungeon Crawl Stone Soup version 0.31-a0-703-gcfe89afef6 (webtiles) character file.

Game seed: 17371971418859985318

193708 ytrimaz the Spry (level 18, -7/151 HPs)
             Began as an Octopode Shapeshifter on Sept 8, 2023.
             Was an Elder of Ashenzari.
             Mangled by a manticore (10 damage)
             ... while petrified by a catoblepas
             ... on level 2 of the Shoals on Sept 9, 2023.
             The game lasted 01:01:49 (28026 turns).

ytrimaz the Spry (Octopode Shapeshifter)           Turns: 28026, Time: 01:01:50

Health: -7/151     AC:  7    Str: 15    XL:     18   Next: 72%
Magic:  41/41      EV:  2    Int: 15    God:    Ashenzari [****..]
Gold:   1927       SH:  0    Dex: 38    Spells: 12/37 levels left

rFire   + +          .
                       - Unarmed
rCold   + . .        (shield currently unavailable)
rNeg    + + +        (helmet restricted)
rPois   ∞            l - dreamdust necklace {Acrobat}
rElec   .            a - ring of the Ruined Free Will {EV+5, Cun, Dev} (curse)
rCorr   +            B - ring "Lashed Together" {AC+4, Self, Comp} (curse)
SInv    +            U - ring of the Unyielding Gaze {rPois, Self, Dev} (curse)
Will    +....        M - ring "Portent of Ashenzari" {rF+, Melee, Dev} (curse)
Stlth   ++++++++     n - ring "Seeker of Ashenzari" {rC+, Self, Comp} (curse)
HPRegen 0.45/turn    z - ring of the Bound Morning Star {rCorr MP+9 Str+2 Int+3, Elem, Melee} (curse)
MPRegen 0.27/turn    P - ring of Star-Bound Wisdom {rF+ Str+2 Dex+6, Dev, Self} (curse)
                     T - ring "Astrological Inaction" {Dex+6, Elem, Alch} (curse)

%: acrobat, clarity
@: blade tentacles, petrified, spiked
A: almost no armour, amphibious, 8 rings, camouflage 1, gelatinous body 1,
nimble swimmer 1, tentacles, iridescent scales 1, agile 2, robust 2
a: Begin Untransformation, Renounce Religion, Shatter the Chains


You were on level 2 of the Shoals.
You worshipped Ashenzari.
Ashenzari was greatly pleased with you.
You had blades for main tentacles.
You visited 5 branches of the dungeon, and saw 27 of its levels.
You visited the Abyss 1 time.
You also visited: Sewer, Ossuary, Bailey and Gauntlet.

You collected 3872 gold pieces.
You spent 1945 gold pieces at shops.


Innate Abilities, Weirdness & Mutations

You have blades for main tentacles.
You are immune to poison.
You are incapable of wielding weapons or throwing items.
You cannot wear most types of armour.
You are amphibious.
You can wear up to eight rings at the same time.
Your skin changes colour to match your surroundings (Stealth+).
Your rubbery body absorbs attacks. (AC +1, EV +1)
You are camouflaged when in or above water. (Stealth+)
You have tentacles for arms and can constrict up to eight enemies at once.
You are partially covered in iridescent scales. (AC +2)
You are very agile. (Dex +8, Str/Int -2)
You are very robust. (+20% HP)


   Skills:
 - Level 8.2(12.5) Fighting
 + Level 18.3(20.0) Dodging
 - Level 10.2(12.0) Stealth
 + Level 13.1(15.8) Unarmed Combat
 - Level 5.7(10.0) Spellcasting
 - Level 10.3(13.0) Summonings
 + Level 8.1(10.0) Transmutations
 + Level 16.9(21.1) Shapeshifting


You had 12 spell levels left.
You knew the following spells:

 Your Spells              Type           Power      Damage    Failure   Level
a - Wereblood             Tmut           37%        N/A       1%          2
b - Summon Mana Viper     Hex/Summ       27%        N/A       19%         5
c - Summon Cactus Giant   Summ           23%        N/A       7%          6
d - Yara's Violent Unrav  Hex/Tmut       11%        3d6       34%         5
e - Summon Hydra          Summ           23%        N/A       36%         7

Your spell library contained the following spells:

 Spells                   Type           Power      Damage    Failure   Level
 Sting                    Tmut/Pois      88%        1d7       1%          1
 Passwall                 Tmut/Erth      19%        N/A       1%          2
 Ignite Poison            Fire/Tmut/Pois 18%        N/A       7%          3
 Foxfire                  Conj/Fire      32%        2x1d5     9%          1
 Freeze                   Ice            32%        1d5       9%          1
 Kiss of Death            Conj/Necr      32%        2d7       9%          1
 Necrotise                Necr           32%        1d5       9%          1
 Sandblast                Erth           16%        2d6       9%          1
 Magic Dart               Conj           28%        1d4       10%         1
 Poisonous Vapours        Pois/Air       16%        N/A       13%         2
 Sublimation of Blood     Necr           8%         N/A       13%         2
 Ensorcelled Hibernation  Hex/Ice        16%        N/A       14%         2
 Jinxbite                 Hex            14%        N/A       14%         2
 Lesser Beckoning         Tloc           14%        N/A       14%         2
 Searing Ray              Conj           14%        2d5       14%         2
 Summon Forest            Summ/Tloc      13%        N/A       19%         5
 Frozen Ramparts          Ice            16%        1d3       26%         3
 Hailstorm                Conj/Ice       8%         3d4       26%         3
 Mephitic Cloud           Conj/Pois/Air  8%         N/A       26%         3
 Ozocubu's Armour         Ice            8%         N/A       26%         3
 Stone Arrow              Conj/Erth      16%        3d8       26%         3
 Vampiric Draining        Necr           8%         2d6       26%         3
 Volatile Blastmotes      Fire/Tloc      16%        2d11      26%         3
 Confusing Touch          Hex            7%         N/A       28%         3
 Dazzling Flash           Conj/Hex       14%        N/A       28%         3
 Gell's Gravitas          Tloc           7%         N/A       28%         3
 Teleport Other           Tloc           7%         N/A       28%         3
 Animate Dead             Necr           8%         N/A       63%         4
 Dispel Undead            Necr           8%         3d8       63%         4
 Anguish                  Hex/Necr       4%         N/A       65%         4
 Sticky Flame             Conj/Fire      8%         2d3       65%         4
 Vhi's Electric Charge    Tloc/Air       16%        N/A       65%         4
 Cause Fear               Hex            3%         N/A       67%         4
 Fulminant Prism          Conj/Hex       3%         3d5       67%         4
 Iskenderun's Mystic Bla  Conj/Tloc      7%         2d4       67%         4
 Manifold Assault         Tloc           7%         N/A       67%         4
 Agony                    Necr           8%         N/A       93%         5
 Arcjolt                  Conj/Air       4%         1d14      94%         5
 Fireball                 Conj/Fire      4%         3d4       94%         5
 Freezing Cloud           Conj/Ice/Air   4%         6-21      94%         5
 Metabolic Englaciation   Hex/Ice        4%         N/A       94%         5
 Iskenderun's Battlesphe  Conj           7%         2d6       95%         5
 Summon Horrible Things   Summ           23%        N/A       97%         8
 Haunt                    Necr/Summ      13%        N/A       99%         7
 Conjure Ball Lightning   Conj/Air       4%         3x3d6     100%        6
 Dispersal                Tloc           3%         N/A       100%        6
 Plasma Beam              Fire/Air       4%         2x1d14    100%        6
 Starburst                Conj/Fire      4%         6d3       100%        6
 Enfeeble                 Hex            3%         N/A       100%        7
 Orb of Destruction       Conj           3%         9d5       100%        7
 Ozocubu's Refrigeration  Ice            4%         4d8       100%        7
 Discord                  Hex            3%         N/A       100%        8
 Disjunction              Tloc           3%         N/A       100%        8
 Ignition                 Fire           4%         3d4       100%        8
 Infestation              Necr           4%         N/A       100%        8
 Maxwell's Capacitive Co  Air            4%         ∞         100%        8

Inventory:

Missiles
 v - 12 throwing nets
Jewellery
 a - the cursed ring of the Ruined Free Will (left blade tentacle) {EV+5, Cun, Dev}
   (You found it on level 1 of the Dungeon)

   [ring of evasion]

   EV+5:      It affects your evasion (+5).
   It has a curse which improves the following skills: Cunning: Dodging and
   Stealth.
   Devices:   Evocations and Shapeshifting.
 f - a ring of protection from fire
   (You took it off a deep elf annihilator on level 3 of the Elven Halls)
 k - the ring of Autumn {Str+2 SInv}
   (You took it off a deep elf blademaster on level 3 of the Elven Halls)

   [ring of see invisible]

   Str+2:     It affects your strength (+2).
   SInv:      It lets you see invisible.
 l - the dreamdust necklace (around mantle) {Acrobat}
   (You acquired it on level 1 of the Shoals)

   [amulet of the acrobat]

   Acrobat:   It increases your evasion while moving and waiting.
 n - the cursed ring "Seeker of Ashenzari" (on tentacle) {rC+, Self, Comp}
   (You bought it in a shop on level 2 of the Orcish Mines)

   [ring of protection from cold]

   rC+:       It protects you from cold.
   It has a curse which improves the following skills: Introspection: Fighting
   and Spellcasting.
   Companions: Summonings and Necromancy.
 q - a ring of protection from cold
   (You found it on level 1 of the Lair of Beasts)
 z - the cursed ring of the Bound Morning Star (on tentacle) {rCorr MP+9 Str+2 Int+3, Elem, Melee}
   (You found it in a Gauntlet)

   [ring of resist corrosion]

   Str+2:     It affects your strength (+2).
   Int+3:     It affects your intelligence (+3).
   MP+9:      It affects your magic capacity (+9).
   rCorr:     It protects you from acid and corrosion.
   It has a curse which improves the following skills: Elements: Fire Magic, Ice
   Magic, Air Magic and Earth Magic.
   Melee Combat: Short Blades, Long Blades, Axes, Maces & Flails, Polearms,
   Staves and Unarmed Combat.
 B - the cursed ring "Lashed Together" (right blade tentacle) {AC+4, Self, Comp}
   (You found it on level 7 of the Dungeon)

   [ring of protection]

   AC+4:      It affects your AC (+4).
   It has a curse which improves the following skills: Introspection: Fighting
   and Spellcasting.
   Companions: Summonings and Necromancy.
 E - a ring of protection from cold
   (You found it on level 3 of the Elven Halls)
 M - the cursed ring "Portent of Ashenzari" (on tentacle) {rF+, Melee, Dev}
   (You bought it in a shop on level 4 of the Dungeon)

   [ring of protection from fire]

   rF+:       It protects you from fire.
   It has a curse which improves the following skills: Melee Combat: Short
   Blades, Long Blades, Axes, Maces & Flails, Polearms, Staves and Unarmed
   Combat.
   Devices:   Evocations and Shapeshifting.
 P - the cursed ring of Star-Bound Wisdom (on tentacle) {rF+ Str+2 Dex+6, Dev, Self}
   (You acquired it on level 1 of the Orcish Mines)

   [ring of dexterity]

   Str+2:     It affects your strength (+2).
   Dex+6:     It affects your dexterity (+6).
   rF+:       It protects you from fire.
   It has a curse which improves the following skills: Devices: Evocations and
   Shapeshifting.
   Introspection: Fighting and Spellcasting.
 T - the cursed ring "Astrological Inaction" (on tentacle) {Dex+6, Elem, Alch}
   (You found it on level 14 of the Dungeon)

   [ring of dexterity]

   Dex+6:     It affects your dexterity (+6).
   It has a curse which improves the following skills: Elements: Fire Magic, Ice
   Magic, Air Magic and Earth Magic.
   Alchemy:   Poison Magic and Transmutations.
 U - the cursed ring of the Unyielding Gaze (on tentacle) {rPois, Self, Dev}
   (You found it on level 15 of the Dungeon)

   [ring of poison resistance]

   rPois:     It protects you from poison It has a curse which improves the
   following skills: Introspection: Fighting and Spellcasting.
   Devices:   Evocations and Shapeshifting.
 V - a +4 ring of protection
   (You found it on level 15 of the Dungeon)
 Z - a ring of resist corrosion
   (You found it on level 4 of the Lair of Beasts)
Talismans
 b - a beast talisman
 c - a flux talisman
 D - a blade talisman (active)
   (You found it on level 8 of the Dungeon)
Wands
 x - a wand of paralysis (32)
   (You found it on level 7 of the Dungeon)
 G - a wand of mindburst (31)
   (You found it on level 9 of the Dungeon)
 L - a wand of iceblast (37)
   (You found it on level 10 of the Dungeon)
 R - a wand of flame (14)
   (You found it on level 2 of the Elven Halls)
 S - a wand of polymorph (8)
   (You found it on level 14 of the Dungeon)
 X - a wand of light (5)
   (You found it on level 1 of the Lair of Beasts)
Scrolls
 d - 3 scrolls of enchant weapon
 e - 11 scrolls of teleportation
 h - 10 scrolls of amnesia
 i - 4 scrolls of fear
 j - 3 scrolls of vulnerability
 u - 7 scrolls of immolation
 y - 3 scrolls of poison
 A - a scroll of brand weapon
 F - 3 scrolls of fog
 H - 2 scrolls of revelation
 I - 2 scrolls of butterflies
 J - a scroll of silence
 K - 5 scrolls of enchant armour
Potions
 g - 14 potions of brilliance
 m - 4 potions of cancellation
 o - 5 potions of lignification
 p - 5 potions of invisibility
 r - 3 potions of curing
 s - 4 potions of magic
 t - a potion of resistance
 w - a potion of heal wounds
 C - 6 potions of ambrosia
 N - 2 potions of enlightenment
 O - 3 potions of haste
 Q - a potion of might
 W - 2 potions of berserk rage
 Y - 2 potions of mutation

Dungeon Overview and Level Annotations

Branches:
Dungeon (15/15) Zot: 25412  Temple (0/1) D:6            Lair (5/5) D:9 Zot: 24501
 Shoals (2/4) Lair:3 Zot: 10326  Spider (0/4) Lair:2        Slime (0/5) Lair:5
    Orc (2/2) D:12 Zot: 10028     Elf (3/3) Orc:2 Zot: 14679  Vaults (0/5) D:14
 Depths (0/4) D:15          Sewer (visited)         Ossuary (visited)
 Bailey (visited)         Gauntlet (visited)

Altars:
Ashenzari
Dithmenos
Elyvilon
Fedhas
Gozag
Hepliaklqana
Kikubaaqudgha
Okawaru
Qazlal
Ru
Sif Muna
Trog
Uskayaw
Wu Jian
Xom
Zin
Jiyva

Shops:
D:2 !   D:3 ?   D:4 *   D:5 (   D:7 !   D:10 *   D:11 :   Orc:1 ?   Orc:2 [=[*
Elf:2 [   Elf:3 :==

Portals:
Trove: Elf:1 (give 7 scrolls of fog)

Annotations:
Elf:2 3 runed translucent doors

~≈≈≈≈≈≈≈≈≈≈≈≈≈~~~~~~,,~,,,
~≈≈~≈≈≈≈≈≈≈≈≈####*,,,*####
~~~~~≈≈≈≈≈≈≈≈#~~~##,*#...#
~~~~~~≈~~~~~~#Y§~~###~~[.#
~~~~~~~~~~~~~#~§~~≈~≈~~~.#
~..~~~~~~~~~~##§§~~~~~~~#*
,...k~~~~~~~~~##≈~~~~~≈##.
,..~~~~~~~t~~~†~†~~<~~~...
,..~~~~~~@H~~~##≈~~~~~≈##.
,....~~~~~~..##~~~~~~~~~#*
,....~~~m~~..#~~~~≈~≈~~~.#
,~~~~~~~~~~~~#~${~###~~!.#
,...~~~~~~~~~#H~~##,*#...#
,.~..~~~~~~~~#####,,,*####
,~~..~~~≈≈≈~~~~~~,,,,,,,,,
,~~~~~~~≈≈≈~~~~~,,,,,,,,,,
*~~,,~~~~~~~~~,,,,,,,


You could see a snapping turtle, a wind drake (repels missiles), a merfolk and a
manticore.


Message History

😕 HP[+1] Unknown command.
Unknown command.
The catoblepas breathes a plume of calcifying dust at you.
The blast of calcifying dust hits you.
The snapping turtle closely misses you. 😕 HP[-5]
You take 5 damage, and now have 131/151 hp.
The snapping turtle completely misses you.
Unknown command.
The snapping turtle completely misses you.
Unknown command.
You slice the snapping turtle!! You grab the snapping turtle.
You squeeze the snapping turtle, but do no damage.
You constrict the snapping turtle, but do no damage. 😕 HP[+1]
You hit the snapping turtle but do no damage.
You squeeze the snapping turtle. You constrict the snapping turtle.
The catoblepas gores you.
The snapping turtle bites you! 😕 HP[-13]
You take 13 damage, and now have 119/151 hp.
Unknown command.
You hit the catoblepas. You slash the catoblepas.
You constrict the snapping turtle.
The snapping turtle completely misses you.
The catoblepas breathes a plume of calcifying dust at you.
The blast of calcifying dust hits you.
You shred the catoblepas!!!
You are engulfed in calcifying dust.
You constrict the snapping turtle.
You hear an angry hiss.
You hear a shout! 😕 HP[-4]
You take 4 damage, and now have 115/151 hp.
You release your grip on the snapping turtle.
The snapping turtle completely misses you.
The catoblepas breathes a plume of calcifying dust at you.
The blast of calcifying dust hits you. 😮 HP[-5]
You take 5 damage, and now have 110/151 hp.
You slice the catoblepas!!
You slash the catoblepas, but do no damage.
You squeeze the catoblepas.
You are engulfed in calcifying dust.
You are slowing down.
The snapping turtle completely misses you.
The catoblepas completely misses you.
Unknown command.
You hit the catoblepas but do no damage.
You are engulfed in calcifying dust.
The snapping turtle misses you. The catoblepas gores you!
Your limbs are stiffening. 😮 HP[-7]
You take 7 damage, and now have 103/151 hp.
You slice the catoblepas!!
You kill the catoblepas!
You are engulfed in calcifying dust.
Your limbs have turned to stone.
The snapping turtle bites you.
A merfolk comes into view. It is wielding a +0 trident.
You have turned to stone.
You are engulfed in calcifying dust.
The snapping turtle bites you!!
The manticore flicks its tail.
The volley of spikes hits you!
The barbed spikes become lodged in your body.
You are engulfed in calcifying dust.
The snapping turtle bites you!!
* * * LOW HITPOINT WARNING * * *
You are engulfed in calcifying dust.
The snapping turtle bites you!
* * * LOW HITPOINT WARNING * * *
The manticore bites you but does no damage.
The manticore claws you but does no damage.
The manticore claws you.
* * * LOW HITPOINT WARNING * * *
You are engulfed in calcifying dust.
A wind drake comes into view.
The snapping turtle bites you!!
* * * LOW HITPOINT WARNING * * *
The manticore bites you!
* * * LOW HITPOINT WARNING * * *
The manticore claws you. x2
* * * LOW HITPOINT WARNING * * *
The wind drake hisses angrily.
The merfolk hits you from afar with a +0 trident.
The snapping turtle bites you!!
* * * LOW HITPOINT WARNING * * *
The manticore bites you!!
* * * LOW HITPOINT WARNING * * *
The manticore claws you.
* * * LOW HITPOINT WARNING * * *
The manticore claws you!
* * * LOW HITPOINT WARNING * * *
The merfolk hits you from afar with a +0 trident!!
* * * LOW HITPOINT WARNING * * *
The snapping turtle barely misses you. The wind drake flaps its wings at you.
The air twists around and strikes you!!
* * * LOW HITPOINT WARNING * * *
The manticore bites you!!
You die...

Skill      XL: |  1  2  3  4  5  6  7  8  9 10 11 12 13 14 15 16 17 18 |
---------------+-------------------------------------------------------+-----
Dodging        | 3 4 5 6 8 9 11 12 13 14 16 17 18 | 18.3
Unarmed Combat | 4 5 7 8 10 12 13 | 13.1
Shapeshifting  | 4 5 6 7 9 10 11 12 13 14 15 16 | 16.9
Stealth        | 6 9 10 | 10.2
Fighting       | 4 6 8 |  8.2
Spellcasting   | 3 5 |  5.7
Summonings     | 3 7 10 | 10.3
Transmutations | 2 6 8 |  8.1

Action                     |  1- 3 |  4- 6 |  7- 9 | 10-12 | 13-15 | 16-18 || total
---------------------------+-------+-------+-------+-------+-------+-------++-------
  Melee: Unarmed           |    70 |    71 |   316 |   500 |   903 |   779 ||  2639
         Constrict         |    12 |    12 |    76 |    87 |   159 |   155 ||   501
         Tentacles         |     7 |    11 |    74 |   124 |   249 |   235 ||   700
         Punch             |     3 |     4 |     7 |    17 |    98 |    97 ||   226
         Kick              |       |       |    41 |   179 |   128 |       ||   348
   Cast: Wereblood         |       |       |       |       |    11 |    14 ||    25
         Summon Hydra      |       |       |       |       |       |     5 ||     5
         Summon Cactus Gia |       |       |       |       |       |     2 ||     2
         Summon Mana Viper |       |       |       |       |       |     2 ||     2
 Invoke: Curse Item        |       |       |     1 |     4 |     5 |       ||    10
         Shatter the Chain |       |       |       |       |     1 |     1 ||     2
  Evoke: Wand              |       |       |       |     7 |       |       ||     7
    Use: Potion            |     1 |     3 |     3 |    10 |     7 |    14 ||    38
         Scroll            |       |     6 |    14 |     1 |     7 |     7 ||    35
   Stab: Sleeping          |     3 |     5 |     5 |    13 |    43 |    17 ||    86
         Distracted        |       |       |     1 |       |     2 |    12 ||    15
         Paralysed         |       |       |       |    12 |       |       ||    12
 Armour: Skin              |    37 |    10 |   107 |   176 |   284 |   257 ||   871
  Dodge: Dodged            |    62 |    55 |   301 |   510 |  1220 |  1088 ||  3236
  Block: Other             |       |       |    19 |   105 |    44 |       ||   168
   Form: Flux              |       |       |     1 |       |       |       ||     1
         Blade             |       |       |       |     1 |       |       ||     1

Levels and vault maps discovered:
D:1:      orjb1_clovarrival, layout_basic
D:2:      layout_loops_ring, serial_shops, shop, hex_large,
          minmay_misc_feat_iff, uniq_terence
D:3:      layout_basic, grunt_gozag_statues, serial_shops,
          nicolae_shop_rolled_up, dilly_ecumenical_altar_fadedgnrine
D:4:      layout_loops_ring, nicolae_ashenzari_panopticon,
          cheibrodos_sewer_entry_bend, hangedman_abyss_or_decor_passed,
          nicolae_shop_fire_sale [nicolae_sub_dead_trees], uniq_pikel,
          uniq_menkaure, uniq_edmund
D:5:      layout_rooms, okawaru_ov_weapons_minmay, chequers_ossuary_entry_cave,
          serial_shops, shop
D:6:      layout_basic, grunt_temple_overflow_order_and_chaos_1,
          marbit_many_paths, minmay_temple_entry_offerings
D:7:      layout_basic, nicolae_uskayaw_dance_hall, kennysheep_mini_moat,
          enter_bailey_2, serial_shops, shop
D:8:      layout_loops_ring, nicolae_elyvilon_temple_path
D:9:      layout_loops_ring, dpeg_lair_monsters, kennysheep_generic_room_7
D:10:     layout_roguey, nicolae_qazlal_eye_of_the_storm, lemuel_crystal_altar,
          minmay_overflow_temple_star_hex, minmay_shop_damaged
D:11:     layout_loops_ring, nicolae_shop_self_help, uniq_erica, uniq_erolcha
D:12:     layout_roguey, david_orc_4
D:13:     layout_roguey, nicolae_elevator_lobby_plus
D:14:     layout_big_octagon, grunt_vaults_entry_tiered, gauntlet_entry_generic,
          kennysheep_small_circle
D:15:     hangedman_depths_entry_civil_slaughter, layout_basic,
          nicolae_figureground_pulse, uniq_louise
Lair:1:   layout_cave_shapes, minivault_25, eino_small_chamber_without_monster,
          uniq_amaemon, uniq_sonja
Lair:2:   regret_index_harrowing_hell_hive, layout_gridlike,
          nicolae_spider_entry_non_spiders, roderic_batcave,
          dreamdust_mushroom_princess, st_stairs_3,
          dreamdust_deal_with_the_devil, worms_lemuel, uniq_prince_ribbit2
Lair:3:   layout_cave_pods, minmay_shoals_entry_centaurs, serial_bayou_pond_a,
          kennysheep_abandoned_house, uniq_rupert
Lair:4:   layout_regular_city, kennysheep_rathole
Lair:5:   cheibrodos_lair_end_hotspot, layout_long_grid,
          minmay_slime_entry_oklob_enclosed
Shoals:1: layout_shoals, nicolae_shoals_pincushion_passage, uniq_josephine
Shoals:2: nzn_motion_control, layout_shoals, serial_shops,
          nicolae_shop_tiny_real_fake_doors
Orc:1:    layout_caves, serial_shops, shop, basic_altar
Orc:2:    st_orc_elflike, layout_diamond_mine
Elf:1:    eino_elf_arrival_the_gate, layout_geoelf_octagon, enter_trove_1,
          minivault_28, wad_dig_loot
Elf:2:    nicolae_elf_blades_crystal_corner, layout_geoelf_octagon,
          serial_shops, shop, uniq_saint_roka, uniq_azrael
Elf:3:    nooodl_elf_gasket, layout_gridlike, roderic_lattice_octagonal_star,
          minmay_shop_grove

Notes
Turn   | Place    | Note
-------+----------+-------------------------------------------
     0 | D:1      | ytrimaz the Octopode Shapeshifter began the quest for the
                  | Orb.
     0 | D:1      | Reached XP level 1. HP: 13/13 MP: 1/1
     0 | D:1      | magus.rc [v1.9.6]
    62 | D:1      | HP: 3/13 [quokka (5)]
    64 | D:1      | Reached XP level 2. HP: 5/18 MP: 2/2
   291 | D:1      | Reached XP level 3. HP: 12/23 MP: 3/3
   411 | D:1      | HP: 5/23 [ball python (1)]
   412 | D:1      | HP: 2/23 [ball python (2)]
   828 | D:2      | Noticed Terence
   834 | D:2      | Killed Terence
   835 | D:2      | Reached skill level 3 in Dodging
   835 | D:2      | Reached XP level 4. HP: 12/28 MP: 4/4
  1149 | D:2      | magus.rc [v1.9.6]
  1173 | D:2      | Found Fepeobu Cid's Distillery.
  1779 | D:3      | Found an opulent altar of Gozag.
  1850 | D:3      | Found Jibluo's Magic Scroll Shop.
  1853 | D:3      | Bought a scroll of identify for 20 gold pieces
  1853 | D:3      | Bought a scroll of identify for 20 gold pieces
  1853 | D:3      | Bought a scroll of identify for 20 gold pieces
  1853 | D:3      | Bought a scroll of identify for 20 gold pieces
  1853 | D:3      | Bought a scroll of blinking for 75 gold pieces
  2059 | D:3      | Found a faded altar of an unknown god.
  2194 | D:3      | Reached skill level 4 in Unarmed Combat
  2194 | D:3      | Reached XP level 5. HP: 21/33 MP: 5/5
  2535 | D:4      | You pick up a book of Geomancy and begin reading...
  2535 | D:4      | You add the spells Sandblast, Passwall and Stone Arrow to
                  | your library.
  2550 | D:4      | Noticed a lemure
  2551 | D:4      | Noticed a lemure
  2552 | D:4      | Noticed Pikel
  2554 | D:4      | Gained mutation: You are agile. (Dex +4, Str/Int -1)
                  | [potion of mutation]
  2554 | D:4      | Gained mutation: You occasionally shout uncontrollably at
                  | your foes. [potion of mutation]
  2554 | D:4      | Gained mutation: You are strong-willed. (Will+) [potion of
                  | mutation]
  2555 | D:4      | Noticed a lemure
  2557 | D:4      | Noticed a lemure
  2563 | D:4      | Killed a lemure
  2571 | D:4      | Killed Pikel
  2572 | D:4      | Reached skill level 4 in Dodging
  2572 | D:4      | Reached skill level 5 in Unarmed Combat
  2572 | D:4      | Reached skill level 4 in Shapeshifting
  2572 | D:4      | Reached XP level 6. HP: 14/38 MP: 6/6
  2572 | D:4      | Reached XP level 7. HP: 16/43 MP: 7/7
  2620 | D:4      | Found a glowing drain.
  2643 | Sewer    | Entered a sewer
  2672 | Sewer    | Noticed Pargi
  2682 | Sewer    | Killed Pargi
  2683 | Sewer    | Reached skill level 5 in Dodging
  2683 | Sewer    | Reached skill level 5 in Shapeshifting
  2996 | D:4      | Found a broken altar of Ashenzari.
  3011 | D:4      | Found Vabuiju's Fire Supplies.
  3068 | D:4      | Noticed Menkaure
  3073 | D:4      | Killed Menkaure
  3074 | D:4      | Reached XP level 8. HP: 48/48 MP: 8/8
  3098 | D:4      | Reached skill level 6 in Unarmed Combat
  3357 | D:4      | Noticed Edmund
  3371 | D:4      | Killed Edmund
  3372 | D:4      | Reached skill level 6 in Dodging
  3548 | D:4      | Became a worshipper of Ashenzari the Shackled
  3580 | D:5      | Entered Level 5 of the Dungeon
  3591 | D:5      | Found Xonuneschyth's Weapon Emporium.
  3607 | D:5      | Reached skill level 6 in Shapeshifting
  3824 | D:5      | Reached skill level 7 in Unarmed Combat
  3824 | D:5      | Reached XP level 9. HP: 39/53 MP: 9/9
  3864 | D:5      | Found a sand-covered staircase.
  3870 | D:5      | You pick up a book of Spectacle and begin reading...
  3870 | D:5      | You add the spells Volatile Blastmotes, Dazzling Flash,
                  | Starburst and Maxwell's Capacitive Coupling to your
                  | library.
  3874 | Ossuary  | Entered an ossuary
  3958 | Ossuary  | Reached skill level 7 in Dodging
  4241 | D:5      | Found an iron altar of Okawaru.
  4456 | D:2      | Bought a potion of mutation for 88 gold pieces
  4457 | D:2      | Lost mutation: You occasionally shout uncontrollably at
                  | your foes. [potion of mutation]
  4457 | D:2      | Lost mutation: You are strong-willed. (Will+) [potion of
                  | mutation]
  4457 | D:2      | Lost mutation: You are agile. (Dex +4, Str/Int -1) [potion
                  | of mutation]
  4457 | D:2      | Gained mutation: You are partially covered in large bone
                  | plates. (SH +4) [potion of mutation]
  4457 | D:2      | Gained mutation: Your body sometimes deteriorates upon
                  | taking damage. [potion of mutation]
  4457 | D:2      | Gained mutation: You are partially covered in iridescent
                  | scales. (AC +2) [potion of mutation]
  4458 | D:2      | Lost mutation: Your body sometimes deteriorates upon taking
                  | damage. [potion of mutation]
  4458 | D:2      | Lost mutation: You are partially covered in iridescent
                  | scales. (AC +2) [potion of mutation]
  4458 | D:2      | Lost mutation: You are partially covered in large bone
                  | plates. (SH +4) [potion of mutation]
  4458 | D:2      | Gained mutation: You are partially covered in large bone
                  | plates. (SH +4) [potion of mutation]
  4458 | D:2      | Gained mutation: One of your tentacles bears a spike.
                  | [potion of mutation]
  4458 | D:2      | Gained mutation: Your spells are a little harder to cast,
                  | but a little more powerful. [potion of mutation]
  4458 | D:2      | Gained mutation: Your spells are harder to cast, but more
                  | powerful. [potion of mutation]
  4566 | D:6      | Noticed a hornet
  4586 | D:6      | Killed a hornet
  4587 | D:6      | Reached skill level 7 in Shapeshifting
  4601 | D:6      | Found a shimmering altar of Xom.
  4601 | D:6      | Found a glowing silver altar of Zin.
  4602 | D:6      | Noticed an angel
  4651 | D:6      | Found a shimmering blue altar of Sif Muna.
  4834 | D:6      | Found a staircase to the Ecumenical Temple.
  4850 | D:6      | You pick up a book of Blasting and begin reading...
  4850 | D:6      | You add the spells Fulminant Prism and Iskenderun's Mystic
                  | Blast to your library.
  4927 | D:6      | You pick up a book of Hexes and begin reading...
  4927 | D:6      | You add the spells Anguish, Cause Fear and Enfeeble to your
                  | library.
  5068 | D:6      | Reached skill level 8 in Unarmed Combat
  5227 | D:7      | Reached skill level 8 in Dodging
  5252 | D:7      | Identified the +3 dagger "Xurghyimn" {chaos, rElec rN++
                  | MP-9 Int+3}
  5259 | D:7      | Found Nonopunt's Distillery.
  5261 | D:7      | Found a flagged portal.
  5263 | D:7      | Found a hide-covered altar of Uskayaw.
  5270 | Bailey   | Entered a bailey
  5351 | Bailey   | Reached XP level 10. HP: 47/58 MP: 10/10
  5464 | Bailey   | Reached skill level 8 in Shapeshifting
  5599 | Bailey   | Identified a +0 crystal plate armour
  5650 | Bailey   | Reached skill level 9 in Unarmed Combat
  5655 | Bailey   | Identified the +7 glaive of Revolt {drain, rPois rCorr
                  | Dex-2}
  5696 | Bailey   | Reached skill level 9 in Dodging
  5906 | D:7      | Bought 2 potions of might for 104 gold pieces
  5906 | D:7      | Bought a potion of mutation for 104 gold pieces
  5906 | D:7      | Bought 2 potions of heal wounds for 130 gold pieces
  6120 | D:7      | Found an ornate altar of the Wu Jian Council.
  6340 | D:8      | Reached * piety under Ashenzari
  6559 | D:8      | Found a white marble altar of Elyvilon.
  6671 | D:8      | Reached skill level 9 in Shapeshifting
  6721 | D:8      | Noticed a two-headed ogre
  6731 | D:8      | Killed a two-headed ogre
  6732 | D:8      | Reached skill level 10 in Unarmed Combat
  6732 | D:8      | Reached XP level 11. HP: 63/63 MP: 11/11
  6788 | D:8      | You pick up a book of Dreams and begin reading...
  6788 | D:8      | You add the spells Jinxbite and Ensorcelled Hibernation to
                  | your library.
  7105 | D:9      | HP: 10/63 [orc priest/nerve-wracking pain (13)]
  7107 | D:9      | Reached skill level 10 in Dodging
  7208 | D:9      | Paralysed by a hornet for 1 turns
  7312 | D:9      | You pick up a book of Necromancy and begin reading...
  7312 | D:9      | You add the spells Necrotise, Vampiric Draining and Agony
                  | to your library.
  7365 | D:9      | Reached skill level 1 in Stealth
  7397 | D:9      | Noticed a death yak
  7400 | D:9      | Noticed a death yak
  7401 | D:9      | Found a staircase to the Lair.
  7401 | D:9      | Noticed a death yak
  7422 | D:9      | Killed a death yak
  7423 | D:9      | Reached skill level 2 in Fighting
  7423 | D:9      | Reached skill level 2 in Stealth
  7439 | D:9      | Killed a death yak
  7440 | D:9      | Reached skill level 3 in Stealth
  7448 | D:9      | Killed a death yak
  7462 | D:9      | Reached skill level 3 in Fighting
  7464 | D:9      | Reached skill level 4 in Stealth
  7791 | D:10     | Entered Level 10 of the Dungeon
  7796 | D:10     | Found an ancient bone altar of Kikubaaqudgha.
  7864 | D:10     | Found Dono's Lightly-Used Armoury.
  7928 | D:10     | Reached skill level 10 in Shapeshifting
  7932 | D:10     | Found a sacrificial altar of Ru.
  7937 | D:10     | Found a blossoming altar of Fedhas.
  7937 | D:10     | Found a shadowy altar of Dithmenos.
  7948 | D:10     | Found a hazy altar of Hepliaklqana.
  7951 | D:10     | Found a bloodstained altar of Trog.
  8044 | D:10     | Reached skill level 5 in Stealth
  8125 | D:10     | Noticed a two-headed ogre
  8135 | D:10     | Killed a two-headed ogre
  8136 | D:10     | Reached skill level 4 in Fighting
  8598 | D:10     | Found a stormy altar of Qazlal.
  8777 | D:4      | Bought a ring of protection from fire for 300 gold pieces
  9011 | D:11     | Noticed Erica
  9011 | D:11     | Noticed a two-headed ogre
  9017 | D:11     | Killed Erica
  9018 | D:11     | Reached skill level 11 in Dodging
  9026 | D:11     | Killed a two-headed ogre
  9027 | D:11     | Reached skill level 6 in Stealth
  9041 | D:11     | Found Ycienis's Self-Improvement Boutique.
  9052 | D:11     | Reached XP level 12. HP: 77/77 MP: 12/12
  9229 | D:11     | Noticed a boulder beetle
  9241 | D:11     | Killed a boulder beetle
  9252 | D:11     | Identified the +0 leather armour of Absence {rElec}
  9260 | D:11     | Noticed a two-headed ogre
  9264 | D:11     | Killed a two-headed ogre
  9265 | D:11     | Reached skill level 5 in Fighting
  9266 | D:11     | Noticed a boulder beetle
  9268 | D:11     | Noticed a seven-headed hydra
  9274 | D:11     | Killed a seven-headed hydra
  9275 | D:11     | Reached skill level 7 in Stealth
  9288 | D:11     | Killed a boulder beetle
  9290 | D:11     | Noticed Erolcha
  9298 | D:11     | Reached ** piety under Ashenzari
  9306 | D:11     | Killed Erolcha
  9313 | D:11     | You pick up a book of Touch and begin reading...
  9313 | D:11     | You add the spells Kiss of Death, Confusing Touch and
                  | Dispel Undead to your library.
  9693 | D:12     | You pick up a book of the Wilderness and begin reading...
  9693 | D:12     | You add the spells Summon Forest, Summon Mana Viper and
                  | Summon Cactus Giant to your library.
  9781 | D:12     | Reached skill level 8 in Stealth
  9821 | D:12     | Found a staircase to the Orcish Mines.
 10169 | D:13     | You pick up a book of Vapours and begin reading...
 10169 | D:13     | You add the spells Poisonous Vapours, Mephitic Cloud and
                  | Freezing Cloud to your library.
 10216 | D:13     | Noticed a centaur warrior
 10218 | D:13     | Killed a centaur warrior
 10219 | D:13     | Reached skill level 6 in Fighting
 10353 | D:13     | Noticed a two-headed ogre
 10367 | D:13     | Killed a two-headed ogre
 10368 | D:13     | Reached skill level 11 in Shapeshifting
 10404 | D:13     | Noticed a tengu warrior
 10411 | D:13     | Killed a tengu warrior
 10412 | D:13     | Reached skill level 9 in Stealth
 10458 | D:13     | Noticed a centaur warrior
 10563 | D:13     | HP: 16/83 [skeletal warrior/+0 trident (25)]
 10654 | Orc:1    | Entered Level 1 of the Orcish Mines
 10654 | Orc:1    | Found Wuqan's Magic Scroll Shoppe.
 10720 | Orc:1    | Noticed an ettin
 10735 | Orc:1    | Reached skill level 12 in Dodging
 10748 | Orc:1    | Killed an ettin
 10803 | Orc:1    | Reached XP level 13. HP: 89/89 MP: 13/13
 10962 | Orc:1    | Reached skill level 7 in Fighting
 11060 | Orc:2    | Entered Level 2 of the Orcish Mines
 11099 | Orc:2    | Paralysed by an orc sorcerer for 5 turns
 11108 | Orc:2    | Reached skill level 10 in Stealth
 11113 | Orc:2    | HP: 16/90 [ynoxinul[an orc high priest] (8)]
 11528 | Orc:2    | Found a staircase to the Elven Halls.
 11724 | Orc:2    | HP: 10/90 [orc knight/+0 long sword (22)]
 12185 | Orc:2    | Found Harph's Antique Armour Emporium.
 12276 | Orc:2    | Reached skill level 8 in Fighting
 12341 | Orc:2    | Reached skill level 12 in Shapeshifting
 12345 | Orc:2    | Reached skill level 13 in Dodging
 12347 | Orc:2    | HP: 23/92 [orc high priest/+0 battleaxe (15)]
 12351 | Orc:2    | Found Kurun's Armour Boutique.
 12419 | Orc:2    | Found Jedoch's General Store.
 12421 | Orc:2    | Found Suatamn's Jewellery Emporium.
 12430 | Orc:2    | Bought a ring of protection from cold for 300 gold pieces
 12431 | Orc:2    | Reached *** piety under Ashenzari
 12460 | Orc:2    | Paralysed by an orc sorcerer for 3 turns
 12612 | D:12     | Reached skill level 1 in Spellcasting
 12619 | D:12     | HP: 2/95 [skeletal warrior/+0 trident (26)]
 12845 | D:13     | Reached skill level 2 in Spellcasting
 12893 | D:13     | You pick up a book of Frost and begin reading...
 12893 | D:13     | You add the spells Freeze, Frozen Ramparts and Hailstorm to
                  | your library.
 13265 | D:14     | Found the +7 sceptre of Torment {pain, torment}
 13298 | D:14     | Reached skill level 3 in Spellcasting
 13298 | D:14     | Reached XP level 14. HP: 59/101 MP: 22/22
 13340 | D:14     | Found a gate leading to a gauntlet.
 13356 | Gauntlet | Entered a Gauntlet
 13356 | Gauntlet | Found a transporter.
 13376 | Gauntlet | Found a transporter.
 13391 | Gauntlet | Found a transporter.
 13397 | Gauntlet | Found a transporter.
 13412 | Gauntlet | Found a transporter.
 13432 | Gauntlet | Found a transporter.
 13440 | Gauntlet | Identified the ring "Suisoxya" {Fire Fly rN+ Dex-2 SInv}
 13444 | Gauntlet | Found a transporter.
 13449 | Gauntlet | Found a transporter.
 13464 | Gauntlet | Found a transporter.
 13465 | Gauntlet | Identified the ring "Hawuv" {rCorr MP+9 Str+2 Int+3}
 13471 | Gauntlet | Found a transporter.
 13487 | Gauntlet | Identified the +0 plate armour of the Weaver {+Blink rC+
                  | Int+3}
 13488 | Gauntlet | Found a transporter.
 13493 | Gauntlet | Found a transporter.
 13495 | Gauntlet | Found a transporter.
 13502 | Gauntlet | Identified the +0 pair of gloves "Cuzow" {Fly rC+ Int+2}
 13512 | Gauntlet | Found a transporter.
 13523 | Gauntlet | Found a transporter.
 13566 | Gauntlet | Found a transporter.
 13600 | Gauntlet | Found a transporter.
 13625 | Gauntlet | Found a transporter.
 13685 | Gauntlet | Gained mutation: You are weak. (Str -2) [a shining eye]
 13687 | Gauntlet | Gained mutation: Your body sometimes deteriorates upon
                  | taking damage. [a shining eye]
 13695 | Gauntlet | Gained mutation: Your magical capacity is low. (-10% MP) [a
                  | shining eye]
 13766 | Gauntlet | Reached **** piety under Ashenzari
 13771 | Gauntlet | Lost mutation: One of your tentacles bears a spike. [potion
                  | of mutation]
 13771 | Gauntlet | Lost mutation: Your magical capacity is low. (-10% MP)
                  | [potion of mutation]
 13771 | Gauntlet | Lost mutation: You are partially covered in large bone
                  | plates. (SH +4) [potion of mutation]
 13772 | Gauntlet | Lost mutation: Your spells are harder to cast, but more
                  | powerful. [potion of mutation]
 13772 | Gauntlet | Lost mutation: You are weak. (Str -2) [potion of mutation]
 13772 | Gauntlet | Gained mutation: You are vulnerable to cold. (rC-) [potion
                  | of mutation]
 13772 | Gauntlet | Gained mutation: You are partially covered in iridescent
                  | scales. (AC +2) [potion of mutation]
 13772 | Gauntlet | Gained mutation: You are partially covered in large bone
                  | plates. (SH +4) [potion of mutation]
 13773 | Gauntlet | Lost mutation: Your spells are a little harder to cast, but
                  | a little more powerful. [potion of mutation]
 13773 | Gauntlet | Lost mutation: You are vulnerable to cold. (rC-) [potion of
                  | mutation]
 13773 | Gauntlet | Lost mutation: You are partially covered in large bone
                  | plates. (SH +4) [potion of mutation]
 13773 | Gauntlet | Gained mutation: One of your tentacles bears a spike.
                  | [potion of mutation]
 13773 | Gauntlet | Gained mutation: You are clumsy. (Dex -2) [potion of
                  | mutation]
 13773 | Gauntlet | Gained mutation: Your mind is acute. (Int +4, Str/Dex -1)
                  | [potion of mutation]
 13774 | Gauntlet | Lost mutation: One of your tentacles bears a spike. [potion
                  | of mutation]
 13774 | Gauntlet | Lost mutation: You are partially covered in iridescent
                  | scales. (AC +2) [potion of mutation]
 13774 | Gauntlet | Lost mutation: You are clumsy. (Dex -2) [potion of
                  | mutation]
 13774 | Gauntlet | Gained mutation: Your mind is very acute. (Int +8, Str/Dex
                  | -2) [potion of mutation]
 13787 | Gauntlet | Identified Ruatajy's Thoughts on Therianthropy and Command
 13787 | Gauntlet | Identified +1 pearl dragon scales
 13854 | Gauntlet | You add the spells Sting, Yara's Violent Unravelling and
                  | Summon Horrible Things to your library.
 13854 | Gauntlet | You pick up a book of Conjurations and begin reading...
 13854 | Gauntlet | You add the spells Magic Dart and Searing Ray to your
                  | library.
 13989 | Orc:1    | Bought a scroll of acquirement for 676 gold pieces
 13991 | Orc:1    | Acquired the ring of the Tempest {rF+ Str+2 Dex+6}
 14057 | D:14     | You pick up a book of the Warp and begin reading...
 14057 | D:14     | You add the spells Manifold Assault, Dispersal and
                  | Disjunction to your library.
 14084 | D:14     | You pick up a book of Fire and begin reading...
 14084 | D:14     | You add the spells Foxfire and Plasma Beam to your library.
 14234 | D:14     | Reached skill level 4 in Spellcasting
 14372 | D:14     | You pick up a book of Blood and begin reading...
 14372 | D:14     | You add the spells Sublimation of Blood, Wereblood and
                  | Summon Hydra to your library.
 14429 | D:14     | Reached skill level 14 in Dodging
 14453 | D:14     | Reached skill level 13 in Shapeshifting
 14566 | D:14     | Found a gate to the Vaults.
 14586 | D:14     | Reached skill level 5 in Spellcasting
 14850 | D:15     | Entered Level 15 of the Dungeon
 14998 | D:15     | Noticed Louise
 15009 | D:15     | Learned a level 2 spell: Wereblood
 15022 | D:15     | Killed Louise
 15024 | D:15     | Identified the +7 short sword "Kovalleh" {freeze, rElec
                  | rF+++ rN+ Str-3}
 15063 | D:15     | Reached skill level 1 in Summonings
 15092 | D:15     | Found a staircase to the Depths.
 15102 | D:15     | Reached skill level 2 in Summonings
 15122 | D:15     | You pick up a book of Lightning and begin reading...
 15122 | D:15     | You add the spells Vhi's Electric Charge and Arcjolt to
                  | your library.
 15335 | D:15     | Reached skill level 3 in Summonings
 15685 | D:15     | Lost mutation: Your mind is very acute. (Int +8, Str/Dex
                  | -2) [potion of mutation]
 15685 | D:15     | Lost mutation: Your mind is acute. (Int +4, Str/Dex -1)
                  | [potion of mutation]
 15685 | D:15     | Gained mutation: You are clumsy. (Dex -2) [potion of
                  | mutation]
 15685 | D:15     | Gained mutation: You are partially covered in large bone
                  | plates. (SH +4) [potion of mutation]
 15900 | D:2      | Bought a potion of mutation for 88 gold pieces
 15900 | D:2      | Lost mutation: You are clumsy. (Dex -2) [potion of
                  | mutation]
 15900 | D:2      | Lost mutation: Your body sometimes deteriorates upon taking
                  | damage. [potion of mutation]
 15900 | D:2      | Lost mutation: You are partially covered in large bone
                  | plates. (SH +4) [potion of mutation]
 15900 | D:2      | Gained mutation: You have hidden genetic potential. [potion
                  | of mutation]
 15900 | D:2      | Gained mutation: You are agile. (Dex +4, Str/Int -1)
                  | [potion of mutation]
 15900 | D:2      | Gained mutation: You have great hidden genetic potential.
                  | [potion of mutation]
 16177 | Lair:1   | Entered Level 1 of the Lair of Beasts
 16278 | Lair:1   | Reached XP level 15. HP: 93/108 MP: 28/28
 16325 | Lair:1   | Reached skill level 4 in Summonings
 16342 | Lair:1   | Reached skill level 15 in Dodging
 16467 | Lair:1   | Noticed Amaemon
 16476 | Lair:1   | Killed Amaemon
 16523 | Lair:1   | Learned a level 7 spell: Summon Hydra
 16632 | Lair:1   | Noticed Sonja
 16642 | Lair:1   | Killed Sonja
 16821 | Lair:1   | Reached skill level 1 in Transmutations
 16832 | Lair:1   | Reached skill level 14 in Shapeshifting
 16959 | Lair:2   | Found a hole to the Spider Nest.
 17013 | Lair:2   | Reached skill level 5 in Summonings
 17013 | Lair:2   | Reached skill level 2 in Transmutations
 17053 | Lair:2   | Identified the +2 robe of Failure {rElec rF- rN+++ Str+5}
 17064 | Lair:2   | Noticed Prince Ribbit
 17072 | Lair:2   | Killed Prince Ribbit
 17674 | Lair:2   | Reached skill level 6 in Summonings
 17676 | Lair:2   | HP: 25/108 [yak (6)]
 18408 | Lair:3   | Noticed Rupert
 18415 | Lair:3   | Killed Rupert
 18444 | Lair:3   | Reached ***** piety under Ashenzari
 18462 | Lair:3   | Found a staircase to the Shoals.
 18467 | Lair:3   | Gained mutation: You are very agile. (Dex +8, Str/Int -2)
                  | [hidden potential]
 19399 | Lair:4   | Reached skill level 7 in Summonings
 20204 | Lair:5   | Entered Level 5 of the Lair of Beasts
 20210 | Lair:5   | Reached skill level 16 in Dodging
 20282 | Lair:5   | Reached XP level 16. HP: 99/117 MP: 30/30
 20560 | Lair:5   | Reached skill level 15 in Shapeshifting
 20601 | Lair:5   | Reached skill level 8 in Summonings
 20638 | Lair:5   | You add the spells Ozocubu's Armour and Ozocubu's
                  | Refrigeration to your library.
 20736 | Lair:5   | Found a viscous altar of Jiyva.
 20738 | Lair:5   | Found a staircase to the Slime Pits.
 20898 | Lair:5   | Found a large runed translucent door.
 21023 | Lair:5   | Found a large runed translucent door.
 21602 | Shoals:1 | Entered Level 1 of the Shoals
 21640 | Shoals:1 | HP: 26/117 [wind drake/the air (20)]
 21956 | Elf:1    | Entered Level 1 of the Elven Halls
 21963 | Elf:1    | Reached skill level 9 in Summonings
 22062 | Elf:1    | You pick up a book of the Spheres and begin reading...
 22062 | Elf:1    | You add the spells Iskenderun's Battlesphere, Fireball,
                  | Conjure Ball Lightning and Orb of Destruction to your
                  | library.
 22088 | Elf:1    | Found a portal to a secret trove of treasure.
 22128 | Elf:1    | HP: 29/117 [poisoned by a +1 glaive of venom]
 22133 | Elf:1    | HP: 28/117 [poisoned by a +1 glaive of venom]
 22144 | Elf:1    | Gained mutation: You are partially covered in iridescent
                  | scales. (AC +2) [hidden potential]
 22144 | Elf:1    | Lost mutation: You have great hidden genetic potential.
                  | [hidden potential expressed]
 22266 | Elf:1    | Identified the +5 falchion of Evil {flame, *Noise Will+
                  | Int+4}
 22851 | Elf:2    | Reached skill level 10 in Summonings
 22854 | Elf:2    | Found Rol Kyrch's Antique Armour Shop.
 22864 | Elf:2    | HP: 29/117 [poisoned by a +0 glaive of venom]
 22999 | Elf:2    | Noticed Azrael
 23010 | Elf:2    | Killed Azrael
 23026 | Elf:2    | Learned a level 6 spell: Summon Cactus Giant
 23053 | Elf:2    | Reached XP level 17. HP: 123/123 MP: 28/31
 23219 | Elf:2    | Learned a level 5 spell: Yara's Violent Unravelling
 23286 | Elf:2    | Reached skill level 11 in Unarmed Combat
 23290 | Elf:2    | Reached skill level 17 in Dodging
 23291 | Elf:2    | HP: 17/123 [+0 falchion (17)]
 23293 | Elf:2    | Reached skill level 3 in Transmutations
 23377 | Elf:2    | Found a runed translucent gate.
 23378 | Elf:2    | Found a runed translucent gate.
 23378 | Elf:2    | Found a runed translucent gate.
 23493 | Elf:3    | Entered Level 3 of the Elven Halls
 23648 | Elf:3    | Reached skill level 4 in Transmutations
 23650 | Elf:3    | HP: 22/123 [deep elf zephyrmancer/bolt of lightning (19)]
 24012 | Elf:3    | Found Soxeeff's Jewellery Emporium.
 24013 | Elf:3    | Found Mawiuhorph's Book Shop.
 24015 | Elf:3    | Found Illaakh's Jewellery Emporium.
 24071 | Elf:3    | You are cast into the Abyss!
 24071 | Abyss:3  | Cast into level 3 of the Abyss (a deep elf sorcerer)
 24123 | Abyss:3  | Noticed a lich
 24235 | Abyss:3  | Reached skill level 16 in Shapeshifting
 24331 | Abyss:3  | HP: 3/123 [large abomination (30)]
 24350 | Abyss:3  | HP: 21/123 [balrug/divine providence (11)]
 24356 | Abyss:3  | Noticed a tentacled starspawn
 24363 | Abyss:3  | Gained mutation: You are robust. (+10% HP) [hidden
                  | potential]
 24486 | Abyss:3  | Reached skill level 5 in Transmutations
 24689 | Abyss:3  | Noticed a bone dragon
 24718 | Abyss:3  | Killed a bone dragon
 24767 | Abyss:3  | Found a corrupted altar of Lugonu.
 24773 | Abyss:3  | Noticed a tentacled monstrosity
 24784 | Abyss:3  | Killed a tentacled monstrosity
 24828 | Elf:3    | You pass through the gate.
 24828 | Elf:3    | Escaped the Abyss
 24828 | Elf:3    | Identified the +2 rapier "Worm's Wrath" {elec, rElec rN++
                  | Stlth-}
 24861 | Elf:3    | Reached skill level 12 in Unarmed Combat
 25004 | Elf:3    | Upgraded the game from 0.31-a0-702-gf82c85558f to
                  | 0.31-a0-703-gcfe89afef6
 25004 | Elf:3    | magus.rc [v1.9.6]
 25057 | Elf:3    | Reached skill level 6 in Transmutations
 25234 | Elf:3    | Noticed an Executioner
 25281 | Elf:3    | Reached XP level 18. HP: 140/140 MP: 32/32
 25324 | Elf:3    | Identified the Codex of Malediction
 25329 | Elf:3    | You pick up a book of Death and begin reading...
 25329 | Elf:3    | You add the spells Animate Dead, Haunt and Infestation to
                  | your library.
 25333 | Elf:3    | You pick up a book of Chaos and begin reading...
 25360 | Elf:3    | Identified the +1 leather armour of Huiggar {Rampage}
 25377 | Elf:3    | Noticed a Hell Sentinel
 25395 | Elf:3    | Noticed a deep elf master archer
 25396 | Elf:3    | Identified the ring of Autumn {Str+2 SInv}
 25396 | Elf:3    | Noticed a deep elf blademaster
 25406 | Elf:3    | Killed a deep elf blademaster
 25407 | Elf:3    | Identified the +0 long sword of Callousness {freeze, rElec}
 25425 | Elf:3    | Noticed a deep elf master archer
 25465 | Elf:3    | Noticed a deep elf master archer
 25490 | Elf:3    | Killed a deep elf master archer
 25512 | Elf:3    | Reached skill level 18 in Dodging
 25512 | Elf:3    | Reached skill level 7 in Transmutations
 25701 | Elf:3    | Identified the +0 chain mail of Ebrucim {*Corrode Dex+2
                  | SInv}
 25790 | Elf:3    | HP: 21/140 [deep elf master archer/arrow (28)]
 25795 | Elf:3    | Killed a deep elf master archer
 25943 | Elf:3    | Identified the +2 glaive of Dust {venom, rElec rF- MP+9
                  | Str+4}
 25951 | Elf:3    | You add the spells Ignite Poison, Sticky Flame and Ignition
                  | to your library.
 26026 | Elf:3    | Learned a level 5 spell: Summon Mana Viper
 26416 | Shoals:1 | Gained mutation: You are very robust. (+20% HP) [hidden
                  | potential]
 26416 | Shoals:1 | Lost mutation: You have hidden genetic potential. [hidden
                  | potential expressed]
 26543 | Shoals:1 | Acquired the dreamshard necklace {Acrobat *Dream}
 26543 | Shoals:1 | Found the dreamshard necklace {Acrobat *Dream}
 26800 | Shoals:1 | Noticed Josephine
 26817 | Shoals:1 | Killed Josephine
 26818 | Shoals:1 | Reached skill level 13 in Unarmed Combat
 26956 | Shoals:1 | HP: 21/151 [tentacle[a kraken] (24)]
 26956 | Shoals:1 | HP: 3/151 [tentacle[a kraken] (18)]
 27354 | Shoals:1 | Reached skill level 8 in Transmutations
 27520 | Shoals:1 | You pick up a book of Displacement and begin reading...
 27520 | Shoals:1 | You add the spells Lesser Beckoning, Gell's Gravitas and
                  | Teleport Other to your library.
 28025 | Shoals:2 | HP: 37/151 [snapping turtle (11)]
 28026 | Shoals:2 | HP: 13/151 [merfolk/+0 trident (9)]
 28026 | Shoals:2 | HP: 3/151 [wind drake/the air (10)]
 28026 | Shoals:2 | Mangled by a manticore

Vanquished Creatures
  A bone dragon (Abyss:3)
  Rupert (Lair:3)
  A tentacled monstrosity (Abyss:3)
  A deep elf blademaster (Elf:3)
  2 deep elf master archers (Elf:3)
  A kraken (Shoals:1)
  8 deep elf sorcerers (Elf:3)
  Louise (D:15)
  A deep elf elementalist (Elf:3)
  A starflower (Abyss:3)
  3 deep elf demonologists (Elf:3)
  10 deep elf annihilators (Elf:3)
  Azrael (Elf:2)
  A minotaur (Gauntlet)
  6 deep elf death magi (Elf:3)
  2 ettins
  Josephine (Shoals:1)
  3 merfolk impalers (Shoals:1)
  8 deep elf high priests (Elf:3)
  4 merfolk javelineers (Shoals:1)
  A fire dragon (Lair:5)
  2 vault guards (D:14)
  8 hydras
  3 catoblepae
  4 boulder beetles
  2 merfolk avatars
  A radroach (shapeshifter) (Elf:1)
  A ghost crab (Gauntlet)
  Erolcha (D:11)
  6 centaur warriors
  Erica (D:11)
  10 dancing weapons
  5 two-headed ogres
  A merfolk aquamancer (Shoals:1)
  2 tengu warriors
  2 thrashing horrors (Abyss:3)
  6 death yaks
  8 large abominations (Abyss:3)
  4 orc high priests (Orc:2)
  A demonic crawler (Lair:2)
  8 deep elf knights
  Sonja (Lair:1)
  Amaemon (Lair:1)
  A wretched star (Abyss:3)
  2 sixfirhies
  4 skeletal warriors
  A fire crab (Lair:5)
  2 skysharks
  3 deep trolls (D:15)
  2 wizards
  An orb spider (Abyss:3)
  A harpy (shapeshifter) (Abyss:3)
  28 deep elf zephyrmancers
  3 necromancers
  Pikel (D:4)
  6 orc knights
  21 deep elf pyromancers
  7 deep elf archers
  3 harpies (Shoals:1)
  7 orc sorcerers
  9 ugly things
  4 oklob plants
  5 manticores
  A shining eye (Gauntlet)
  12 elephants
  5 cyclopes
  An apocalypse crab (Abyss:3)
  A water nymph (Shoals:1)
  6 black mambas
  A smoke demon (Abyss:3)
  3 merfolk sirens (Shoals:1)
  A cane toad (shapeshifter) (Abyss:3)
  2 molten gargoyles (Lair:5)
  A torpor snail (Lair:2)
  2 unseen horrors
  A gargoyle (D:14)
  An orange demon (Lair:1)
  13 cane toads
  2 kobold demonologists
  3 rime drakes
  9 komodo dragons
  2 yaktaurs
  2 tengu conjurers
  An ancient zyme (Abyss:3)
  A wind drake (Shoals:1)
  A queen bee (Lair:2)
  3 hornets
  5 merfolk (Shoals:1)
  9 trolls
  Prince Ribbit (Lair:2)
  4 polar bears
  A harpy skeleton (Abyss:3)
  A raiju (Abyss:3)
  16 blink frogs
  15 dream sheep (Lair:5)
  3 snapping turtles (Shoals:1)
  5 slime creatures (D:13)
  A shadow (D:13)
  3 nameless horrors
  4 wraiths
  4 air elementals
  4 fire elementals
  8 wyverns
  20 humans (D:14)
  6 water elementals
  53 yaks
  A human (shapeshifter) (D:14)
  6 starcursed masses (Abyss:3)
  4 basilisks
  A golden eye (Gauntlet)
  4 steam dragons
  3 vampire mosquitoes
  Menkaure (D:4)
  A chaos spawn (Abyss:3)
  Edmund (D:4)
  A warg (Orc:1)
  2 swamp worms (Lair:2)
  4 acid dragons
  16 water moccasins
  9 hell hounds
  23 orc warriors
  Pargi (Sewer)
  3 sky beasts
  An ice beast (D:6)
  2 black bears (D:5)
  2 ogres
  3 small abominations (Abyss:3)
  26 wolves
  A lemure (D:4)
  18 centaurs
  2 kobold brigands
  10 bullfrogs
  9 gnoll sergeants
  5 earth elementals
  5 scorpions
  4 wights (D:7)
  27 killer bees (Lair:2)
  An electric eel (D:14)
  2 howler monkeys
  2 vampire bats (Lair:2)
  A quasit (Abyss:3)
  5 lava snakes (Lair:5)
  4 hounds
  4 jellies
  23 orc priests
  9 gnoll boudas
  4 iguanas
  Terence (D:2)
  14 orc wizards
  5 hell rats
  A mummy (Ossuary)
  39 gnolls
  6 adders
  15 river rats
  2 shadow imps
  2 white imps
  3 ufetubi
  A worm (shapeshifter) (D:15)
  2 worms
  A dart slug (D:2)
  58 orcs
  12 endoplasms
  6 giant cockroaches
  9 goblins
  7 hobgoblins
  8 jackals
  14 kobolds
  6 quokkas
  8 ball pythons
  12 bats
  10 frilled lizards
  6 gnoll skeletons (Ossuary)
  7 kobold skeletons (Ossuary)
  11 orc skeletons (Ossuary)
  11 rats
  A tentacle (Shoals:1)
1014 creatures vanquished.

Vanquished Creatures (collateral kills)
  A merfolk aquamancer (Shoals:1)
  4 dancing weapons
  A deep elf knight (Elf:1)
  A deep troll (shapeshifter) (Elf:2)
  A deep elf archer (Elf:1)
  A deep elf zephyrmancer (Elf:2)
  A wind drake (Shoals:1)
10 creatures vanquished.

Vanquished Creatures (others)
  A deep elf sorcerer (Elf:3)
  A deep elf annihilator (Elf:3)
  2 deep elf pyromancers
  A fire elemental (Elf:3)
  A vampire mosquito (D:15)
  A steam dragon (Lair:5)
  A lurking horror (Abyss:3)
  7 tentacles (Shoals:1)
15 creatures vanquished.

Grand Total: 1039 creatures vanquished

Table legend:
 A = Non-vault XP
 B = Vault XP
 C = Vault XP percentage of total XP
 D = Non-vault monster count
 E = Vault monster count
 F = Vault count percentage of total count
                 A         B        C        D         E       F
            +---------+---------+-------+---------+---------+-------
      Total |  164710 |  132060 |  44.5 |     636 |     388 |  37.9
            +---------+---------+-------+---------+---------+-------
        D:1 |      56 |       0 |   0.0 |      33 |       0 |   0.0
        D:2 |      29 |      36 |  55.4 |      16 |       1 |   5.9
        D:3 |      73 |       0 |   0.0 |      11 |       0 |   0.0
        D:4 |     353 |     983 |  73.6 |      24 |       4 |  14.3
        D:5 |     823 |       0 |   0.0 |      26 |       0 |   0.0
        D:6 |    1038 |      14 |   1.3 |      19 |       1 |   5.0
        D:7 |    1452 |       0 |   0.0 |      19 |       0 |   0.0
        D:8 |    2124 |       0 |   0.0 |      21 |       0 |   0.0
        D:9 |    2271 |    2615 |  53.5 |      24 |       8 |  25.0
       D:10 |    2373 |       0 |   0.0 |      15 |       0 |   0.0
       D:11 |    4369 |    1677 |  27.7 |       6 |       2 |  25.0
       D:12 |    4097 |     627 |  13.3 |      12 |      16 |  57.1
       D:13 |    7998 |       0 |   0.0 |      23 |       0 |   0.0
       D:14 |    5558 |    9019 |  61.9 |      11 |      27 |  71.1
       D:15 |    8515 |    5571 |  39.5 |      20 |       7 |  25.9
     Lair:1 |    7510 |    1943 |  20.6 |      24 |       3 |  11.1
     Lair:2 |    8357 |    9516 |  53.2 |      27 |      72 |  72.7
     Lair:3 |    4870 |    2959 |  37.8 |      21 |      16 |  43.2
     Lair:4 |    6628 |     173 |   2.5 |      32 |      11 |  25.6
     Lair:5 |   16487 |    9440 |  36.4 |      48 |      27 |  36.0
   Shoals:1 |   13345 |    8604 |  39.2 |      29 |      13 |  31.0
   Shoals:2 |       0 |    3035 | 100.0 |       0 |       4 | 100.0
      Orc:1 |    3734 |       0 |   0.0 |      28 |       0 |   0.0
      Orc:2 |    5788 |    8128 |  58.4 |      41 |      25 |  37.9
      Elf:1 |    3946 |   11106 |  73.8 |       9 |      18 |  66.7
      Elf:2 |   15098 |    8567 |  36.2 |      25 |      15 |  37.5
      Elf:3 |   20184 |   41296 |  67.2 |      36 |      39 |  52.0
    Abyss:3 |   17634 |    1076 |   5.8 |      36 |       1 |   2.7
      Sewer |       0 |     153 | 100.0 |       0 |       8 | 100.0
    Ossuary |       0 |     259 | 100.0 |       0 |      26 | 100.0
     Bailey |       0 |    1930 | 100.0 |       0 |      37 | 100.0
   Gauntlet |       0 |    3333 | 100.0 |       0 |       7 | 100.0
            +---------+---------+-------+---------+---------+-------

Skill      XL: |  1  2  3  4  5  6  7  8  9 10 11 12 13 14 15 16 17 18 |
---------------+-------------------------------------------------------+-----
Dodging        | 3 4 5 6 8 9 11 12 13 14 16 17 18 | 18.3
Unarmed Combat | 4 5 7 8 10 12 13 | 13.1
Shapeshifting  | 4 5 6 7 9 10 11 12 13 14 15 16 | 16.9
Stealth        | 6 9 10 | 10.2
Fighting       | 4 6 8 |  8.2
Spellcasting   | 3 5 |  5.7
Summonings     | 3 7 10 | 10.3
Transmutations | 2 6 8 |  8.1

Action                     |  1- 3 |  4- 6 |  7- 9 | 10-12 | 13-15 | 16-18 || total
---------------------------+-------+-------+-------+-------+-------+-------++-------
  Melee: Unarmed           |    70 |    71 |   316 |   500 |   903 |   779 ||  2639
         Constrict         |    12 |    12 |    76 |    87 |   159 |   155 ||   501
         Tentacles         |     7 |    11 |    74 |   124 |   249 |   235 ||   700
         Punch             |     3 |     4 |     7 |    17 |    98 |    97 ||   226
         Kick              |       |       |    41 |   179 |   128 |       ||   348
   Cast: Wereblood         |       |       |       |       |    11 |    14 ||    25
         Summon Hydra      |       |       |       |       |       |     5 ||     5
         Summon Cactus Gia |       |       |       |       |       |     2 ||     2
         Summon Mana Viper |       |       |       |       |       |     2 ||     2
 Invoke: Curse Item        |       |       |     1 |     4 |     5 |       ||    10
         Shatter the Chain |       |       |       |       |     1 |     1 ||     2
  Evoke: Wand              |       |       |       |     7 |       |       ||     7
    Use: Potion            |     1 |     3 |     3 |    10 |     7 |    14 ||    38
         Scroll            |       |     6 |    14 |     1 |     7 |     7 ||    35
   Stab: Sleeping          |     3 |     5 |     5 |    13 |    43 |    17 ||    86
         Distracted        |       |       |     1 |       |     2 |    12 ||    15
         Paralysed         |       |       |       |    12 |       |       ||    12
 Armour: Skin              |    37 |    10 |   107 |   176 |   284 |   257 ||   871
  Dodge: Dodged            |    62 |    55 |   301 |   510 |  1220 |  1088 ||  3236
  Block: Other             |       |       |    19 |   105 |    44 |       ||   168
   Form: Flux              |       |       |     1 |       |       |       ||     1
         Blade             |       |       |       |     1 |       |       ||     1

Illustrated notes

Table legend:
 A = Kills in this place as a percentage of kills in the entire game.
 B = Kills by you in this place as a percentage of kills by you in the entire game.
 C = Kills by friends in this place as a percentage of kills by friends in the entire game.
 D = Other kills in this place as a percentage of other kills in the entire game.
 E = Experience gained in this place as a percentage of experience gained in the entire game.
 F = Experience gained in this place divided by the number of levels of this place that you have seen.
                   A       B       C       D       E      F
               +-------+-------+-------+-------+-------+----------------------
         Total | 100.0 | 100.0 | 100.0 | 100.0 | 100.0 | 9274.1
       Dungeon |  33.8 |  34.1 |   0.0 |  40.0 |  20.8 | 4111.4
          Lair |  27.4 |  27.8 |   0.0 |   0.0 |  22.9 | 13576.6
        Shoals |   4.5 |   4.4 |  20.0 |   0.0 |   8.4 | 12492.0
  Orcish Mines |   9.2 |   9.3 |   0.0 |   0.0 |   5.9 | 8825.0
   Elven Halls |  13.9 |  13.0 |  80.0 |  60.0 |  33.8 | 33399.0
         Abyss |   3.6 |   3.7 |   0.0 |   0.0 |   6.3 | 18710.0
         Sewer |   0.8 |   0.8 |   0.0 |   0.0 |   0.1 | 153.0
       Ossuary |   2.5 |   2.6 |   0.0 |   0.0 |   0.1 | 259.0
        Bailey |   3.6 |   3.7 |   0.0 |   0.0 |   0.7 | 1930.0
      Gauntlet |   0.7 |   0.7 |   0.0 |   0.0 |   1.1 | 3333.0
               +-------+-------+-------+-------+-------+----------------------

Table legend: (Time is in decaauts)
 A = Elapsed time spent in this place.
 B = Non-inter-level travel time spent in this place.
 C = Inter-level travel time spent in this place.
 D = Time resting spent in this place.
 E = Time spent auto-exploring this place.
 F = Levels seen in this place.
 G = Mean time per level.
                   A        B        C        D        E       F      G
               +--------+--------+--------+--------+--------+-----+--------+
         Total |  27530 |  25075 |   2455 |    640 |  17481 |  32 |  860.3 |
       Dungeon |  12835 |  11070 |   1765 |    242 |   8309 |  15 |  855.7 |
          Lair |   5498 |   5181 |    317 |      0 |   3894 |   5 | 1099.6 |
        Shoals |   1672 |   1628 |     44 |     28 |   1181 |   2 |  836.0 |
  Orcish Mines |   1971 |   1770 |    201 |     60 |   1133 |   2 |  985.5 |
   Elven Halls |   3319 |   3191 |    128 |    195 |   1858 |   3 | 1106.3 |
         Abyss |    717 |    717 |      0 |     83 |    341 |   1 |  717.0 |
         Sewer |    210 |    210 |      0 |      0 |    130 |   1 |  210.0 |
       Ossuary |    183 |    183 |      0 |      0 |     98 |   1 |  183.0 |
        Bailey |    603 |    603 |      0 |     32 |    210 |   1 |  603.0 |
      Gauntlet |    518 |    518 |      0 |      0 |    325 |   1 |  518.0 |
               +--------+--------+--------+--------+--------+-----+--------+

Top non-repeatable levels by time:
   Elf:3: 1754 daAuts
Shoals:1: 1638 daAuts
   Orc:2: 1479 daAuts
  Lair:5: 1310 daAuts
  Lair:2: 1256 daAuts
    D:12: 1202 daAuts
  Lair:3: 1188 daAuts
     D:4: 1052 daAuts
    D:10: 1045 daAuts
  Lair:4: 941 daAuts
    D:13: 929 daAuts
    D:14: 912 daAuts
     D:3: 908 daAuts
     D:2: 897 daAuts
     D:9: 886 daAuts
